AoeStats
← blaswichj

Arena

509809556Analyzed
1v1 RM · 5d ago on Sep 28, 2026· 48m 38s· 2 players
Game mode
Random Map
Map size
Tiny (2 player)
Population
200
Speed
Normal
Resources
Standard
Victory
Conquest
Starting age
Dark Age
Ending age
Imperial Age
RankedLock teamsTeams togetherTeam positionsShared explorationLock speedFull tech treeHidden civsTurbo modeCheats
Victory
Defeat
🇨🇷 Romans · Costa Rica
839
+17
🇻🇪 Huns · Venezuela
864
-46
alrocd01
10:19 Feudal Age
14:52 Castle Age
12:51 Double-Bit Axe
13:18 Horse Collar
22:01 Bow Saw
22:24 Heavy Plow
28:32 Imperial Age
26:35 Gold Mining
26:36 Stone Mining
27:07 Scale Mail Armor
27:17 Forging
26:30 Man-at-Arms
27:11 Squires
31:10 Gold Shaft Mining
31:31 Crop Rotation
31:29 Chain Mail Armor
31:24 Forging
30:38 Long Swordsman
31:19 Squires
32:50 Ballistas
33:05 Conscription
32:10 Legionary
34:25 Heavy Scorpion
36:55 Scale Barding Armor
37:26 Iron Casting
37:22 Ballistics
38:07 Wheelbarrow
37:17 Town Watch
37:18 Loom
38:51 Town Patrol
39:20 Chain Barding Armor
40:00 Blast Furnace
39:41 Siege Engineers
39:49 Fortified Wall
40:40 Chemistry
39:51 Masonry
39:36 Murder Holes
39:32 Guard Tower
40:42 Comitatenses
39:44 Elite Centurion
41:14 Plate Barding Armor
41:57 Hand Cart
44:25 Architecture
44:11 Fervor
44:11 Redemption
44:01 Atonement
44:02 Devotion
44:28 Illumination
44:18 Block Printing
44:00 Herbal Medicine
45:56 Fletching
46:06 Padded Archer Armor
45:39 Sappers
blaswichj
11:10 Feudal Age
12:13 Loom
13:04 Wheelbarrow
12:15 Horse Collar
12:23 Double-Bit Axe
13:10 Town Watch
21:24 Castle Age
22:40 Bow Saw
22:34 Heavy Plow
22:34 Gold Mining
26:17 Imperial Age
24:36 Fletching
24:47 Padded Archer Armor
26:31 Gold Shaft Mining
25:52 Stone Mining
26:23 Leather Archer Armor
26:03 Bodkin Arrow
28:26 Ballistics
28:33 Hand Cart
29:11 Town Patrol
32:28 Two-Man Saw
33:32 Chemistry
32:44 Thumb Ring
34:06 Parthian Tactics
35:21 Bracer
35:36 Forging
35:34 Scale Barding Armor
39:08 Iron Casting
38:56 Chain Barding Armor
40:24 Elite Tarkan
41:26 Conscription
41:10 Marauders
41:23 Marauders
40:44 Elite Tarkan
41:46 Conscription
43:46 Bloodlines
43:38 Husbandry
44:56 Heavy Cavalry Archer
Connection lost

Rejoining the realm…

Still unreachable

The connection could not be restored.

Session expired

The server has moved on; the page needs a fresh start.